 Dungeon Crawl Stone Soup version 0.19-a0-1008-g4c63d25 (webtiles) character file.

60263 nubinia the Eclecticist (level 14, 0/71 HPs)
             Began as a Deep Elf Air Elementalist on July 22, 2016.
             Was a High Priest of Sif Muna.
             Slain by a demonic crawler (12 damage)
             ... on level 1 of the Spider Nest on July 23, 2016.
             The game lasted 03:15:53 (22967 turns).

nubinia the Eclecticist (DEAE)                     Turns: 22967, Time: 03:15:54

Health: 0/71       AC: 16    Str:  4    XL:     14   Next: 56%
Magic:  12/49      EV: 16    Int: 25    God:    Sif Muna [*****.]
Gold:   1731       SH:  0    Dex: 19    Spells: 15 memorised, 7 levels left

rFire  . . .     SeeInvis .     Z - +8 whip "Snakebite" {curare, rPois}
rCold  . . .     Gourm    .     m - +2 robe {Archmagi}
rNeg   . . .     Faith    .     (no shield)
rPois  +         Spirit   .     (no helmet)
rElec  .         Dismiss  .     v - +1 cloak
rCorr  .         Reflect  .     E - +2 pair of gloves
SustAt .         Harm     .     t - +1 pair of boots
MR     +....                    r - amulet of magic regeneration
Stlth  +++.......               o - +5 ring of protection
                                b - ring of magical power

@: swift, very slightly contaminated, hasted, repel missiles, divine energy,
very quick, somewhat resistant to hostile enchantments, fairly stealthy
A: agile 1, clever 1, weak 1, evolution 1
a: Stop Divine Energy, Channel Magic, Forget Spell, Renounce Religion


You were on level 1 of the Spider Nest.
You worshipped Sif Muna.
Sif Muna was extremely pleased with you.
You were very hungry.

You visited 5 branches of the dungeon, and saw 20 of its levels.
You also visited: Ice Cave.

You collected 1731 gold pieces.

Inventory:

Hand Weapons
 a - the +5 demon blade of Subterfuge {flame, MR+}
   (You found it in an ice cave)

   It has been specially enchanted to burn those struck by it, causing extra
   injury to most foes and up to half again as much damage against particularly
   susceptible opponents.
   Big, fiery blades are also staple armaments of hydra-hunters.
   It affects your resistance to hostile enchantments.
 h - the +2 trident "Beastslayer" {venom, rPois Int-5 SInv}
   (You found it on level 3 of the Lair of Beasts)

   It poisons the flesh of those it strikes.
   It affects your intelligence (-5).
   It protects you from poison.
   It lets you see invisible.
 j - a +2 mace of protection
 x - a +3 short sword of electrocution
 F - the +4 flail of Death {crush, rPois}
   (You found it on level 9 of the Dungeon)

   It inflicts extra damage upon your enemies.
   It protects you from poison.
 U - a +0 blowgun
 Z - the +8 whip "Snakebite" (weapon) {curare, rPois}
   (You found it on level 1 of the Lair of Beasts)

   It poisons the flesh of those it strikes.
   It protects you from poison.
Missiles
 V - 6 curare-tipped needles
Armour
 g - a +1 ice dragon armour
 m - a +2 robe of the Archmagi (worn)
 t - a +1 pair of boots (worn)
 v - a +1 cloak (worn)
 E - a +2 pair of gloves (worn)
 M - a +3 leather armour of poison resistance
Jewellery
 b - a ring of magical power (left hand)
 o - a +5 ring of protection (right hand)
 r - an amulet of magic regeneration (around neck)
 w - an uncursed ring of protection from fire
 C - an uncursed ring of protection from magic
 G - a +5 ring of strength
 K - an uncursed ring of resist corrosion
 T - an uncursed ring of sustain attributes
Wands
 D - a wand of iceblast (9/15)
 H - a wand of acid (13/15)
Scrolls
 d - a scroll of blinking
 s - 5 scrolls of remove curse
 y - a scroll of recharging
 J - a scroll of magic mapping
Potions
 e - 2 potions of might
 k - a potion of haste
 l - 2 potions of ambrosia
 q - 2 potions of flight
 u - a potion of resistance
 z - a potion of magic
 A - 2 potions of cancellation
 B - 2 potions of berserk rage
 N - 4 potions of curing
 W - a potion of brilliance
Books
 p - Sif Muna's Handbook of Cankerous Summoning
   (Sif Muna gifted it to you on level 9 of the Dungeon)

   Spells                             Type                      Level
   a - Ignite Poison                  Fire/Transmutation/Poison    3
   b - Summon Guardian Golem          Hexes/Summoning              3
   c - Summon Mana Viper              Hexes/Summoning              5
   d - Poisonous Cloud                Conjuration/Poison/Air       6
   e - Dragon's Call                  Summoning                    9
Miscellaneous
 n - a phial of floods
 Q - a sack of spiders
Comestibles
 c - 11 bread rations


   Skills:
 + Level 1.9 Fighting
 + Level 0.2 Short Blades
   Level 1.2 Staves
 + Level 1.7 Armour
 + Level 5.8 Dodging
 + Level 5.2 Stealth
 * Level 20.4 Spellcasting
 * Level 12.2 Conjurations
 + Level 3.4 Charms
 * Level 6.4 Summonings
 + Level 9.1 Necromancy
 + Level 11.0 Air Magic
 + Level 1.0 Poison Magic


You had 7 spell levels left.
You knew the following spells:

 Your Spells              Type           Power        Failure   Level  Hunger
a - Shock                 Conj/Air       ####         0%          1    None
b - Airstrike             Air            #######...   1%          4    None
c - Mephitic Cloud        Conj/Pois/Air  #######.     1%          3    None
d - Bolt of Draining      Conj/Necr      #######...   1%          5    None
e - Passwall              Tmut/Erth      #####.....   2%          2    None
f - Lightning Bolt        Conj/Air       #######...   1%          5    None
g - Control Undead        Necr           #######...   1%          4    None
h - Dispel Undead         Necr           #######.     1%          5    None
i - Summon Lightning Spi  Summ/Air       #######.     1%          4    None
j - Pain                  Necr           ####         1%          1    None
r - Repel Missiles        Chrm/Air       ######       1%          2    None
s - Swiftness             Chrm/Air       #######.     1%          2    None
A - Apportation           Tloc           #####.....   1%          1    None
D - Animate Dead          Necr           N/A          1%          4    None
R - Regeneration          Chrm/Necr      ######....   1%          3    None


Dungeon Overview and Level Annotations

Branches:
Dungeon (9/15)             Temple (1/1) D:5            Lair (6/6) D:9
 Shoals (0/4) Lair:4       Spider (2/4) Lair:2        Slime (0/5) Lair:6
    Orc (2/2) D:9             Elf (0/3) Orc:2

Altars:
Ashenzari
Cheibriados
Dithmenos
Elyvilon
Fedhas
Gozag
Hepliaklqana
Makhleb
Nemelex Xobeh
Okawaru
Sif Muna
Trog
Uskayaw
Xom
Yredelemnul
Zin
The Shining One
Beogh
Jiyva

Shops:
Orc:2 *%(}

Portals:
Hell: Lair:6
Pandemonium: Orc:2

Annotations:
D:8 Joseph
D:9 1 runed door


Innate Abilities, Weirdness & Mutations

You are agile. (Dex +2)
Your mind is acute. (Int +2)
You are weak. (Str -2)
You evolve.


Message History

The demonic crawler hits you.
* * * LOW HITPOINT WARNING * * *
The demonic crawler hits you but does no damage.
Okay, then.
Unknown command.
Okay, then.
You feel yourself speed up.
The demonic crawler closely misses you. x2
The demonic crawler misses you.
You are very lightly contaminated with residual magic.
Unknown command.
You hit the demonic crawler but do no damage.
The demonic crawler is lightly wounded.
The demonic crawler hits you but does no damage.
The demonic crawler barely misses you. The demonic crawler misses you.
You hit the demonic crawler but do no damage.
The demonic crawler is poisoned.
The demonic crawler is lightly wounded.
The demonic crawler hits you but does no damage.
The demonic crawler hits you!
You die...

### ##^##
##...#
##....##
#......##
#....@.#
##..s.##
#.....##
###.....$#
##.......##
#.....s###
#.>.#.##
#...####
#.....#


You could see a demonic crawler and a wolf spider (fleeing).

Vanquished Creatures
  Rupert (Lair:6)
  A stone giant (Orc:1)
  An entropy weaver (Spider:2)
  The ghost of shady the Covert, a journeyman NaVM of Sif Muna (Lair:1)
  An ettin (Orc:2)
  2 hydras
  A death yak (Lair:3)
  6 orc high priests (Orc:2)
  A soul eater (Orc:2)
  A sun demon (Lair:6)
  A wizard (Lair:6)
  2 orc knights (Orc:2)
  An orb spider (Spider:2)
  4 orc sorcerers (Orc:2)
  A griffon (Lair:6)
  2 sixfirhies
  Psyche (D:8)
  11 black mambas
  2 elephants (Lair:6)
  A smoke demon (Lair:6)
  6 torpor snails
  3 orange demons (Lair:6)
  9 spiny frogs
  6 komodo dragons
  5 rime drakes
  A demonic crawler (Spider:1)
  A hellwing (Orc:2)
  9 ice devils
  4 jumping spiders
  8 blink frogs
  4 redbacks (Spider:2)
  2 wyverns
  A tarantella (Spider:1)
  3 basilisks
  18 yaks
  8 hippogriffs
  A warg (Orc:1)
  A hell hound (Lair:6)
  A soldier ant (D:9)
  14 water moccasins
  3 porcupines
  29 orc warriors
  3 phantoms
  3 sky beasts
  3 ice beasts
  3 ogres
  A black bear (D:6)
  7 wolves (Lair:6)
  2 centaurs
  8 crocodiles
  3 big kobolds
  11 giant frogs
  5 scorpions
  A wyvern skeleton (D:9)
  7 killer bees (D:9)
  An electric eel (Lair:5)
  2 howler monkeys
  4 crimson imps
  2 centaur zombies
  A giant frog zombie (D:6)
  2 lava snakes (Lair:2)
  Crazy Yiuf (D:4)
  15 orc priests
  A centaur skeleton (D:8)
  4 hounds
  12 orc wizards
  4 worker ants
  9 iguanas
  Natasha (twice) (D:2)
  6 sheep (Lair:1)
  A hound zombie (D:9)
  3 gnolls (D:7)
  2 worker ant zombies
  15 adders
  34 river rats
  A shadow imp (D:5)
  2 white imps (IceCv)
  7 ufetubi (IceCv)
  3 oozes
  An adder skeleton (D:5)
  An adder zombie (D:9)
  3 worms
  6 giant geckos
  77 orcs
  2 ball pythons
  4 giant cockroaches
  8 hobgoblins
  4 jackals
  3 quokkas
  7 bats
  5 giant newts
  2 goblins
  18 kobolds
  A quokka skeleton (D:5)
  8 rats
  A butterfly (D:9)
  2 fungi (D:4)
  2 plants
525 creatures vanquished.

Vanquished Creatures (collateral kills)
  A reaper (IceCv)
  A dire elephant (Lair:6)
  Snorg (Orc:2)
  A hydra (Lair:6)
  A soul eater (Orc:2)
  A putrid demonspawn (Orc:2)
  An oklob plant (Lair:6)
  2 orc knights (Orc:2)
  2 orb spiders (Spider:2)
  An orc sorcerer (Orc:2)
  A rust devil (Orc:2)
  4 spiny frogs
  2 black mambas (Lair:1)
  7 elephants (Lair:6)
  An orange demon (Lair:6)
  3 demonic crawlers (Spider:2)
  A red devil (Orc:2)
  3 ice devils
  A blink frog (Lair:6)
  A wyvern (Lair:6)
  7 redbacks (Spider:2)
  3 tarantellas (Spider:2)
  4 yaks
  A hippogriff (Lair:6)
  A warg (Orc:2)
  7 water moccasins
  9 orc warriors
  2 porcupines
  An ogre (Orc:2)
  3 wolves (Lair:6)
  3 crocodiles
  A crimson imp (D:9)
  7 orc priests (Orc:2)
  4 orc wizards (Orc:2)
  2 iguanas
  3 worker ants (D:9)
  6 sheep (Lair:1)
  7 river rats
  5 white imps (IceCv)
  4 ufetubi (IceCv)
  16 orcs
  2 giant cockroaches (D:9)
  A butterfly (D:9)
  2 fungi
  2 plants (D:9)
139 creatures vanquished.

Vanquished Creatures (others)
  3 yaks (Lair:6)
  A redback (Spider:1)
  2 white imps (IceCv)
  3 ufetubi (IceCv)
  10 fungi
  2 plants
21 creatures vanquished.

Grand Total: 685 creatures vanquished

Notes
Turn   | Place    | Note
-------+----------+-------------------------------------------
     0 | D:1      | nubinia the Deep Elf Air Elementalist began the quest for the Orb.
     0 | D:1      | Reached XP level 1. HP: 10/10 MP: 6/6
   172 | D:1      | Reached XP level 2. HP: 15/15 MP: 4/8
   257 | D:1      | Learned a level 2 spell: Repel Missiles
   261 | D:1      | Learned a level 2 spell: Swiftness
   719 | D:2      | Reached XP level 3. HP: 19/19 MP: 1/10
   890 | D:2      | Found a faded altar of an unknown god.
  1186 | D:2      | Noticed Natasha
  1193 | D:2      | Killed Natasha
  1193 | D:2      | Reached XP level 4. HP: 14/24 MP: 4/11
  1602 | D:2      | Noticed Natasha
  1607 | D:2      | Killed Natasha
  1607 | D:2      | Reached skill level 4 in Spellcasting
  1641 | D:3      | Found a blossoming altar of Fedhas.
  1646 | D:3      | Learned a level 3 spell: Static Discharge
  1712 | D:3      | Found a hazy altar of Hepliaklqana.
  1712 | D:3      | Found a shadowy altar of Dithmenos.
  1712 | D:3      | Found a basalt altar of Yredelemnul.
  2213 | D:3      | Reached XP level 5. HP: 28/28 MP: 8/13
  2610 | D:4      | Reached skill level 5 in Spellcasting
  2635 | D:4      | Reached XP level 6. HP: 32/32 MP: 9/15
  3021 | D:4      | Found a runed door.
  3025 | D:4      | Noticed Crazy Yiuf
  3043 | D:4      | Killed Crazy Yiuf
  3103 | D:5      | Entered Level 5 of the Dungeon
  3430 | D:5      | Reached skill level 6 in Spellcasting
  3461 | D:5      | Reached XP level 7. HP: 30/36 MP: 13/18
  3566 | D:5      | Reached skill level 5 in Air Magic
  3965 | D:5      | Reached skill level 7 in Spellcasting
  3989 | D:5      | Found a staircase to the Ecumenical Temple.
  3998 | Temple   | Entered the Ecumenical Temple
  4045 | Temple   | Became a worshipper of Sif Muna the Loreminder
  4115 | D:5      | Reached skill level 5 in Conjurations
  4115 | D:5      | Reached skill level 1 in Charms
  4243 | D:6      | Reached XP level 8. HP: 24/41 MP: 12/21
  4662 | D:6      | Reached * piety under Sif Muna
  4673 | D:6      | Identified Sif Muna's Collected Works on Evil Magic
  4676 | D:6      | Learned a level 1 spell: Pain
  4684 | D:6      | Reached skill level 8 in Spellcasting
  5102 | D:6      | Reached skill level 9 in Spellcasting
  5918 | D:6      | Reached skill level 1 in Necromancy
  5982 | D:7      | Reached ** piety under Sif Muna
  5982 | D:7      | Reached XP level 9. HP: 42/45 MP: 18/24
  6225 | D:6      | Reached skill level 1 in Staves
  6225 | D:6      | Reached skill level 10 in Spellcasting
  6630 | D:7      | Got a distressingly furry robe
  6649 | D:7      | Identified the +1 robe of Huqugh {Int+4} (You found it on level 7 of the Dungeon)
  7241 | D:7      | Found an iron altar of Okawaru.
  7321 | D:8      | Reached *** piety under Sif Muna
  7524 | D:8      | Noticed Joseph
  7629 | D:8      | Reached skill level 11 in Spellcasting
  7812 | D:8      | Noticed Psyche
  7818 | D:8      | Killed Psyche
  8062 | D:8      | Learned a level 5 spell: Lightning Bolt
  8674 | D:8      | Reached XP level 10. HP: 48/51 MP: 17/27
  8706 | D:8      | Learned a level 4 spell: Animate Dead
  9352 | D:9      | Reached **** piety under Sif Muna
  9440 | D:9      | Found a staircase to the Lair.
  9520 | D:9      | Found a staircase to the Orcish Mines.
  9577 | D:9      | Found a runed door.
  9590 | D:9      | Found a runed door.
  9741 | D:9      | Got a fine flail
  9930 | D:9      | Reached skill level 12 in Spellcasting
 10039 | Lair:1   | Entered Level 1 of the Lair of Beasts
 10080 | Lair:1   | Noticed a black mamba
 10087 | Lair:1   | Killed a black mamba
 10161 | Lair:1   | Noticed shady's ghost (journeyman NaVM)
 10449 | Lair:1   | Learned a level 2 spell: Passwall
 10684 | Lair:1   | Learned a level 1 spell: Apportation
 10930 | Lair:1   | Reached ***** piety under Sif Muna
 10930 | Lair:1   | Received a gift from Sif Muna
 10931 | Lair:1   | Identified Sif Muna's Almanac of the Helpful Birds (Sif Muna gifted it to you on level 1 of the Lair of Beasts)
 10937 | Lair:1   | Learned a level 4 spell: Airstrike
 11057 | Lair:1   | Noticed a black mamba
 11057 | Lair:1   | Noticed a black mamba
 11062 | Lair:1   | Killed a black mamba
 11062 | Lair:1   | Reached skill level 13 in Spellcasting
 11070 | Lair:1   | Killed a black mamba
 11087 | Lair:1   | Noticed a black mamba
 11103 | Lair:1   | Killed a black mamba
 11176 | Lair:1   | Noticed a black mamba
 11208 | Lair:1   | Killed a black mamba
 11208 | Lair:1   | Reached XP level 11. HP: 32/55 MP: 16/30
 11894 | Lair:2   | Found a hole to the Spider Nest.
 11933 | Lair:2   | Reached skill level 14 in Spellcasting
 11941 | Lair:2   | Reached skill level 5 in Necromancy
 12345 | Lair:2   | Learned a level 4 spell: Control Undead
 12351 | Lair:2   | Learned a level 5 spell: Dispel Undead
 12836 | Lair:2   | Received a gift from Sif Muna
 12838 | Lair:2   | Identified Gepn's Tome of the Unholy Escort (Sif Muna gifted it to you on level 2 of the Lair of Beasts)
 12854 | Lair:2   | Learned a level 3 spell: Regeneration
 13017 | Lair:3   | Got an iridescent trident
 13023 | Lair:3   | Reached skill level 15 in Spellcasting
 13238 | Lair:3   | Learned a level 3 spell: Vampiric Draining
 13324 | Lair:3   | Identified the +4 flail of Death {crush, rPois} (You found it on level 9 of the Dungeon)
 13325 | Lair:3   | Identified the cursed +2 trident "Beastslayer" {venom, rPois Int-5 SInv} (You found it on level 3 of the Lair of Beasts)
 13348 | Lair:3   | Noticed a six-headed hydra
 13414 | Lair:3   | Killed a six-headed hydra
 13474 | Lair:3   | Reached skill level 10 in Conjurations
 13696 | Lair:3   | Noticed a death yak
 13757 | Lair:3   | Killed a death yak
 14285 | Lair:4   | Found a staircase to the Shoals.
 14497 | Lair:4   | Reached XP level 12. HP: 40/60 MP: 33/33
 14565 | Lair:4   | Reached skill level 16 in Spellcasting
 15015 | Lair:4   | Reached skill level 5 in Dodging
 15252 | Lair:5   | Learned a level 5 spell: Bolt of Draining
 15349 | Lair:5   | Reached skill level 1 in Fighting
 15349 | Lair:5   | Reached skill level 1 in Armour
 15443 | Lair:5   | Received a gift from Sif Muna
 15456 | Lair:5   | Identified Sif Muna's Papyrus of Lethal Creation (Sif Muna gifted it to you on level 5 of the Lair of Beasts)
 15464 | Lair:5   | Learned a level 4 spell: Summon Lightning Spire
 15559 | Lair:5   | Reached skill level 1 in Summonings
 15566 | Lair:5   | Found a snail-covered altar of Cheibriados.
 16066 | Lair:6   | Entered Level 6 of the Lair of Beasts
 16077 | Lair:6   | Reached skill level 17 in Spellcasting
 16141 | Lair:6   | Gained mutation: You are weak. (Str -2) [potion of mutation]
 16141 | Lair:6   | Gained mutation: You are dopey. (Int -2) [potion of mutation]
 16141 | Lair:6   | Lost mutation: You are dopey. (Int -2) [potion of mutation]
 16142 | Lair:6   | Gained mutation: You evolve. [potion of mutation]
 16142 | Lair:6   | Gained mutation: Your mind is acute. (Int +2) [potion of mutation]
 16288 | Lair:6   | Noticed a six-headed hydra
 16297 | Lair:6   | Killed a six-headed hydra
 16432 | Lair:6   | Noticed a six-headed hydra
 16450 | Lair:6   | Killed a six-headed hydra
 16450 | Lair:6   | Reached XP level 13. HP: 63/65 MP: 2/36
 16714 | Lair:6   | Found a viscous altar of Jiyva.
 16714 | Lair:6   | Found a staircase to the Slime Pits.
 16738 | Lair:6   | Noticed Rupert
 16744 | Lair:6   | Killed Rupert
 16744 | Lair:6   | Received a gift from Sif Muna
 16744 | Lair:6   | Reached skill level 18 in Spellcasting
 16745 | Lair:6   | Identified Sif Muna's Incunabulum of Confrontation (Sif Muna gifted it to you on level 6 of the Lair of Beasts)
 17015 | Lair:6   | Noticed a dire elephant
 17022 | Lair:6   | Killed a dire elephant
 17063 | Lair:6   | Found a burning altar of Makhleb.
 17074 | Lair:6   | Reached skill level 5 in Stealth
 17316 | Lair:6   | Reached skill level 10 in Air Magic
 17327 | Lair:6   | Gained mutation: You are agile. (Dex +2) [evolution]
 17735 | Lair:6   | Found a gateway to Hell.
 17995 | Lair:1   | Killed shady's ghost
 17995 | Lair:1   | Reached skill level 19 in Spellcasting
 18043 | Orc:1    | Entered Level 1 of the Orcish Mines
 18271 | Orc:1    | Found a frozen archway.
 18365 | IceCv    | Entered an ice cave
 19056 | IceCv    | Noticed a reaper
 19067 | IceCv    | HP: 3/66 [reaper/scythe of freezing (24)]
 19069 | IceCv    | Killed a reaper
 19069 | IceCv    | Reached skill level 5 in Summonings
 19362 | IceCv    | Identified the +5 demon blade of Subterfuge {flame, MR+} (You found it in an ice cave)
 19744 | Orc:1    | Found a roughly hewn altar of Beogh.
 19794 | Orc:1    | Received a gift from Sif Muna
 19801 | Orc:1    | Learned a level 3 spell: Mephitic Cloud
 19993 | Orc:1    | Noticed a stone giant
 19999 | Orc:1    | Killed a stone giant
 20241 | Orc:2    | Entered Level 2 of the Orcish Mines
 20408 | Orc:2    | Found a staircase to the Elven Halls.
 20478 | Orc:2    | Found a roughly hewn altar of Beogh.
 20576 | Orc:2    | Noticed an ettin
 20580 | Orc:2    | Killed an ettin
 20680 | Orc:2    | Noticed Snorg
 20681 | Orc:2    | Killed Snorg
 20681 | Orc:2    | Reached XP level 14. HP: 71/71 MP: 22/39
 20780 | Orc:2    | Found Bivarroere's General Store.
 21152 | Orc:2    | Found Durgh's Food Boutique.
 22111 | Orc:2    | Reached skill level 20 in Spellcasting
 22366 | Orc:2    | Found Coropteudgh's Gadget Emporium.
 22366 | Orc:2    | Found a one-way gate leading to the halls of Pandemonium.
 22366 | Orc:2    | Found Focyzo's Antique Weapon Shoppe.
 22493 | D:9      | Received a gift from Sif Muna
 22494 | D:9      | Identified Sif Muna's Handbook of Cankerous Summoning (Sif Muna gifted it to you on level 9 of the Dungeon)
 22597 | Spider:1 | Entered Level 1 of the Spider Nest
 22719 | Spider:1 | Noticed an entropy weaver
 22826 | Spider:2 | Noticed an entropy weaver
 22839 | Spider:2 | Killed an entropy weaver
 22919 | Spider:2 | Reached skill level 1 in Poison Magic
 22967 | Spider:1 | Slain by a demonic crawler

Vault maps used:
D:1:      tarquinn_simple_flora_water_e
D:2:      ecumenical_altar_2, nicolae_underground_beach, uniq_natasha
D:3:      gammafunk_temple_overflow_forgotten, fedhas_altar_2
D:4:      first_bread, uniq_crazy_yiuf_cottage
D:5:      minivault_14
D:7:      nicolae_overflow_hidden_temple, grunt_ministairs_15
D:8:      basic_altar, uniq_psyche, uniq_joseph
D:9:      lemuel_insect_pit, david_lair_shrubbed, orc_0_dummy
Temple:   hc_temple_tempest_star
Lair:1:   minmay_guarded_unrand_snakebite, st_stairs_4
Lair:2:   dummy_spider_entry, serial_bayou_shore_b, infiniplex_staircase_pool_2,
          grunt_megastairs_5
Lair:3:   bh_autumn_forest_stairs
Lair:4:   shoals_dummy_entry, lemuel_fruit_tree
Lair:5:   st_stairs_10, nicolae_quartered_pool_little, kennysheep_snail_temple
Lair:6:   evil_forest, dpeg_slime_entry_enclosed_altar, minivault_25,
          grunt_megastairs_3, uniq_rupert
Spider:2: nicolae_spider_webs_and_nodes, uniq_roxanne, uniq_asterion
Orc:1:    nicolae_orc_accident_2, portal_ice_cave_entry_pillars_2
Orc:2:    pf_orc_diabolical, basic_altar, uniq_snorg
IceCv:    ice_cave_small_demon

Skill      XL: |  1  2  3  4  5  6  7  8  9 10 11 12 13 14 |
---------------+-------------------------------------------+-----
Air Magic      | 4 5 6 8 9 10 11 | 11.0
Spellcasting   | 4 5 6 7 9 11 13 15 17 19 20 | 20.4
Conjurations   | 2 3 4 5 6 7 9 10 11 12 | 12.2
Stealth        | 3 4 5 |  5.2
Dodging        | 3 4 5 |  5.8
Charms         | 1 2 3 |  3.4
Necromancy     | 1 2 4 6 7 8 9 |  9.1
Staves         | 1 |  1.2
Fighting       | 1 |  1.9
Armour         | 1 |  1.7
Summonings     | 2 5 6 |  6.4
Poison Magic   | 1 |  1.0
Short Blades   | |  0.2

Action                   |  1- 3 |  4- 6 |  7- 9 | 10-12 | 13-15 || total
-------------------------+-------+-------+-------+-------+-------++-------
Melee: Dagger            |     3 |    53 |       |       |       ||    56
       Quarterstaff      |       |       |    34 |    26 |       ||    60
       Whip              |       |       |       |   173 |   199 ||   372
 Cast: Shock             |    68 |   174 |   323 |   293 |    82 ||   940
       Repel Missiles    |     1 |       |     2 |     1 |       ||     4
       Static Discharge  |       |     5 |    33 |    14 |       ||    52
       Swiftness         |       |     1 |     4 |     6 |     5 ||    16
       Pain              |       |       |    20 |       |       ||    20
       Animate Dead      |       |       |       |    67 |    47 ||   114
       Lightning Bolt    |       |       |       |    19 |     6 ||    25
       Airstrike         |       |       |       |   116 |   149 ||   265
       Apportation       |       |       |       |     1 |     1 ||     2
       Bolt of Draining  |       |       |       |    40 |    82 ||   122
       Summon Lightning  |       |       |       |     1 |    40 ||    41
       Regeneration      |       |       |       |     1 |     8 ||     9
       Mephitic Cloud    |       |       |       |       |    24 ||    24
Invok: Divine Energy     |       |       |     1 |       |       ||     1
       Channel Magic     |       |       |       |     1 |       ||     1
       Forget Spell      |       |       |       |     2 |       ||     2
  Use: Scroll            |     5 |     6 |     9 |    13 |     8 ||    41
       Potion            |       |       |     1 |     3 |     3 ||     7
 Stab: Sleeping          |     1 |     1 |       |     4 |     6 ||    12
       Petrifying        |       |       |     1 |       |       ||     1
       Distracted        |       |       |       |     1 |     5 ||     6
       Confused          |       |       |       |       |     4 ||     4
  Eat: Chunk             |     1 |     6 |    15 |    21 |    14 ||    57
       Pizza             |       |       |     1 |     1 |       ||     2
       Beef jerky        |       |       |       |     2 |       ||     2
       Royal jelly       |       |       |       |     1 |       ||     1
       Fruit             |       |       |       |       |     3 ||     3
       Bread ration      |       |       |       |       |     1 ||     1
Armor: Robe              |     3 |     1 |    22 |    30 |    33 ||    89
       Leather armour    |       |       |       |    58 |    51 ||   109
       Skin              |       |       |       |     5 |       ||     5
       Ice dragon armour |       |       |       |       |     1 ||     1
Dodge: Dodged            |     8 |    10 |    77 |   185 |   166 ||   446
       Deflected         |       |       |    10 |     3 |    11 ||    24
